 Dungeon Crawl Stone Soup version 0.30-a0-1035-g38d5fb2972 (webtiles) character file.

Game seed: 5524966583032086162

1759 MacCMillion the Skirmisher (level 8, -4/63 HPs)
             Began as a Demigod Hunter on Apr 8, 2023.
             Engulfed by a steam dragon's steam (10 damage)
             ... on level 7 of the Dungeon.
             The game lasted 00:14:19 (11137 turns).

MacCMillion the Skirmisher (Demigod Hunter)        Turns: 11137, Time: 00:14:20

Health: -4/63      AC:  3    Str: 11    XL:     8   Next: 50%
Magic:  10/10      EV: 13    Int: 15    God:
Gold:   388        SH:  5    Dex: 24    Spells: 7/7 levels left

rFire   . . .      SeeInvis .    a - +0 shortbow
rCold   + . .      Faith    .    (shield currently unavailable)
rNeg    + . .      Spirit   .    c - +0 leather armour
rPois   .          Reflect  +    (no helmet)
rElec   .          Rampage  .    (no cloak)
rCorr   .                        (no gloves)
Will    .....                    (no boots)
Stlth   ++                       l - amulet of reflection
HPRegen 0.30/turn                d - ring of positive energy
MPRegen 0.12/turn                (no ring)

@: no status effects
A: high MP 1, forlorn, divine attributes, clever 1, cold resistance 1
a: no special abilities


You were on level 7 of the Dungeon.
You visited 2 branches of the dungeon, and saw 8 of its levels.

You collected 388 gold pieces.

Inventory:

Hand Weapons
 a - a +0 shortbow (weapon)
Missiles
 u - 2 throwing nets
Armour
 c - a +0 leather armour (worn)
Jewellery
 d - a ring of positive energy (left hand)
 l - an amulet of reflection (around neck)
 n - a ring of positive energy
 t - an amulet of guardian spirit
Wands
 y - a wand of light (12)
Scrolls
 b - 3 scrolls of immolation
 e - a scroll of vulnerability
 g - a scroll of magic mapping {unknown}
 i - a scroll of fear {unknown}
 o - 2 scrolls of teleportation
 r - a scroll of silence
 w - a scroll of enchant armour {unknown}
 x - a scroll of acquirement {unknown}
 z - a scroll of blinking {unknown}
 A - a scroll of identify
Potions
 f - a potion of brilliance
 h - a potion of degeneration {unknown}
 j - a potion of mutation
 m - 3 potions of lignification
 p - a potion of berserk rage {unknown}
 q - 3 potions of flight
 s - a potion of ambrosia {unknown}
 v - a potion of haste {unknown}


   Skills:
 + Level 3.0 Fighting
 + Level 10.3 Ranged Weapons
 + Level 3.0 Dodging
 - Level 2.0 Stealth


You had 7 spell levels left.
You didn't know any spells.
Your spell library contained the following spells:

 Spells                   Type           Power      Damage    Failure   Level
 Magic Dart               Conj           0%         1d3       34%         1
 Call Imp                 Summ           0%         N/A       47%         2
 Lesser Beckoning         Tloc           0%         N/A       47%         2
 Gell's Gravitas          Tloc           0%         N/A       71%         3
 Hailstorm                Conj/Ice       0%         3d3       71%         3
 Mephitic Cloud           Conj/Pois/Air  0%         N/A       71%         3
 Teleport Other           Tloc           0%         N/A       71%         3
 Ice Form                 Ice/Tmut       0%         N/A       98%         4
 Simulacrum               Ice/Necr       0%         N/A       100%        6
 Chain Lightning          Conj/Air       0%         N/A       100%        9
 Fire Storm               Conj/Fire      0%         5d1       100%        9
 Shatter                  Erth           0%         3d5*      100%        9


Dungeon Overview and Level Annotations

Branches:
Dungeon (7/15)             Temple (1/1) D:7

Annotations:
D:5 1 runed translucent door, Kiciri's ghost, novice DsGl
D:6 exclusions: 2 electric eels and 1 more exclusion, Sigmund


Innate Abilities, Weirdness & Mutations

You have an increased reservoir of magic. (+10% MP)
You shall have no god before yourself.
Your divine heritage dramatically boosts your attributes as you level up.
Your mind is acute. (Int +4, Str/Dex -1)
Your flesh is cold resistant. (rC+)


Message History

You start waiting.
Done waiting.
You can't go down here!
You climb upwards.
Welcome back to the Dungeon!
The steam dragon breathes steam at you. The ball of steam misses you.
The orc hits you with a +0 flail!
There is a staircase to the Ecumenical Temple here.
Fire: a) +0 shortbow
Press: ? - help, Q - select action, (/) - cycle Shift-Dir - straight line, f - orc
Aim: an orc, wielding a +0 flail (70% to hit)
You shoot an arrow. The arrow closely misses the orc.
The orc barely misses you.
Unknown command.
Unknown command.
Fire: a) +0 shortbow
Press: ? - help, Q - select action, (/) - cycle Shift-Dir - straight line, f/p - orc
Aim: an orc, wielding a +0 flail (70% to hit)
You shoot an arrow. The arrow closely misses the orc.
The orc closely misses you.
Fire: a) +0 shortbow
Press: ? - help, Q - select action, (/) - cycle Shift-Dir - straight line, f/p - orc
Aim: an orc, wielding a +0 flail (70% to hit)
You shoot an arrow. The arrow hits the orc.
The orc is almost dead.
The steam dragon breathes steam at you.
The ball of steam hits the orc!!
The orc dies!
The ball of steam hits you!!
Unknown command.
You are engulfed in a cloud of scalding steam.
You open the door. The steam dragon breathes steam at you.
The ball of steam hits you!
You hear a shout!
There is an open door here.
The steam dragon breathes steam at you. The ball of steam hits you!
* * * LOW HITPOINT WARNING * * *
You are engulfed in a cloud of scalding steam.
You die...

#......##...# #..#
#....#.#.###.
......##...###..#######.#.#...#
#........'...+.....#.#.#.>.#
##........#...#.....#.#.#...#
#...####+###'#####+#.#.#.###.
#.<.#...........#....#..#...#
#...#.....§.....#.....#).###.
#...#......§....#......##...#
#...+.......@...#...#.§§.###.
+..)#........§..#...#......#
#...#.........§§#...#§.§...#
#####....).....§##'##......#
...######.§§D..........# ...
#..............# ..
#..............#
#..............+
#..............#


There were no monsters in sight!

Vanquished Creatures
  An orc warrior (D:5)
  A black bear (D:6)
  A sky beast (D:6)
  2 ice beasts
  2 ogres
  2 centaurs
  A bullfrog (D:6)
  3 scorpions
  A hound (D:6)
  3 orc priests
  A jelly (D:5)
  3 sleepcaps
  4 iguanas
  5 orc wizards
  7 gnolls
  An adder (D:3)
  7 river rats (D:4)
  2 shadow imps
  2 worms
  A dart slug (D:5)
  15 orcs
  3 ball pythons
  7 endoplasms
  3 giant cockroaches
  7 goblins
  11 hobgoblins
  3 jackals (D:3)
  5 quokkas
  4 bats
  5 frilled lizards
  7 kobolds
  23 rats
143 creatures vanquished.

Vanquished Creatures (others)
  An orc wizard (D:7)
  An orc (D:7)
  24 plants (D:6)
  2 withered plants (D:5)
28 creatures vanquished.

Grand Total: 171 creatures vanquished

Notes
Turn   | Place    | Note
-------+----------+-------------------------------------------
     0 | D:1      | MacCMillion the Demigod Hunter began the quest for the Orb.
     0 | D:1      | Reached XP level 1. HP: 17/17 MP: 3/3
    58 | D:1      | Reached skill level 1 in Stealth
   225 | D:1      | Reached XP level 2. HP: 23/24 MP: 4/4
   587 | D:1      | Reached skill level 4 in Ranged Weapons
  1563 | D:2      | Reached XP level 3. HP: 29/29 MP: 5/5
  2302 | D:3      | Reached XP level 4. HP: 36/36 MP: 6/6
  2346 | D:3      | Reached skill level 5 in Ranged Weapons
  3024 | D:3      | Reached XP level 5. HP: 34/41 MP: 7/7
  3264 | D:4      | Reached skill level 6 in Ranged Weapons
  3663 | D:4      | HP: 2/41 [giant cockroach (2)]
  4186 | D:4      | Reached XP level 6. HP: 24/48 MP: 8/8
  5140 | D:5      | Entered Level 5 of the Dungeon
  5151 | D:4      | Gained mutation: Your mind is acute. (Int +4, Str/Dex -1)
                  | [potion of mutation]
  5151 | D:4      | Gained mutation: Your flesh is cold resistant. (rC+)
                  | [potion of mutation]
  5154 | D:4      | Reached skill level 7 in Ranged Weapons
  6265 | D:5      | Found a runed translucent door.
  6265 | D:5      | Noticed Kiciri's ghost (novice DsGl)
  6771 | D:5      | Reached XP level 7. HP: 53/53 MP: 9/9
  6789 | D:5      | Reached skill level 8 in Ranged Weapons
  7383 | D:5      | Reached skill level 9 in Ranged Weapons
  8585 | D:6      | Noticed Sigmund
  8613 | D:6      | Identified the +2 robe of Daisies {Int-5 Dex+4}
  8959 | D:6      | Reached XP level 8. HP: 61/61 MP: 10/10
  9042 | D:6      | Reached skill level 10 in Ranged Weapons
 10770 | D:7      | Found a staircase to the Ecumenical Temple.
 10836 | Temple   | Entered the Ecumenical Temple
 11137 | D:7      | Engulfed by a steam dragon's steam

Illustrated notes

Levels and vault maps discovered:
D:1:      scummos_arrival_star, layout_basic, ebering_ecumenical_altar_webs,
          dreamdust_wishing_well, minmay_misc_feat_x, minmay_cupped
D:2:      layout_loops_ring, basic_altar, serial_bayou_pond_e
D:3:      minmay_razor_zed, layout_rooms, grunt_temple_overflow_bloody_war,
          nicolae_concentric_dashed_squares_wild,
          wander_ebering_terrifying_dragon_lair
D:4:      layout_cave_pools, kennysheep_cluttered_room,
          eino_small_chamber_without_monster, dk_rats_in_the_wall
D:5:      layout_loops_corners, gammafunk_ghost_grave
D:6:      layout_loops_corners, ashenzari_conservatory_becter, serial_rivers,
          chequers_serial_rivers_marsh, chequers_serial_rivers_small_b,
          chequers_serial_rivers_micro_c, chequers_serial_rivers_micro_e,
          chequers_serial_rivers_micro_e, chequers_serial_rivers_room_a,
          chequers_big_river, uniq_sigmund
D:7:      layout_gridville, nicolae_vehumet_altar_sigil,
          gammafunk_temple_overflow_forgotten,
          mainiacjoe_overflow_concentric_impassable,
          minmay_temple_entry_steel_oval
Temple:   hc_temple_tempest_star

Skill      XL: |  1  2  3  4  5  6  7  8 |
---------------+-------------------------+-----
Stealth        | 1 2 |  2.0
Ranged Weapons | 4 5 6 7 9 10 | 10.3
Fighting       | 3 |  3.0
Dodging        | 3 |  3.0

Action                     |  1- 3 |  4- 6 |  7- 9 || total
---------------------------+-------+-------+-------++-------
  Melee: Shortbow          |       |     1 |     1 ||     2
   Fire: Shortbow          |    94 |   248 |   164 ||   506
    Use: Potion            |       |     3 |     1 ||     4
         Scroll            |       |       |     5 ||     5
 Armour: Leather armour    |    11 |    25 |    17 ||    53
  Dodge: Dodged            |    21 |    85 |    47 ||   153
  Block: Other             |     6 |    33 |    15 ||    54
         Reflection        |     1 |     1 |       ||     2

Table legend: (Time is in decaauts)
 A = Elapsed time spent in this place.
 B = Non-inter-level travel time spent in this place.
 C = Inter-level travel time spent in this place.
 D = Time resting spent in this place.
 E = Time spent auto-exploring this place.
 F = Levels seen in this place.
 G = Mean time per level.
                   A        B        C        D        E       F      G
               +--------+--------+--------+--------+--------+-----+--------+
         Total |  11259 |  10540 |    719 |   4387 |   4479 |   8 | 1407.4 |
       Dungeon |  10980 |  10261 |    719 |   4109 |   4479 |   7 | 1568.6 |
        Temple |    279 |    279 |      0 |    278 |      0 |   1 |  279.0 |
               +--------+--------+--------+--------+--------+-----+--------+

Top non-repeatable levels by time:
     D:4: 2597 daAuts
     D:5: 2249 daAuts
     D:6: 2200 daAuts
     D:3: 1639 daAuts
     D:1: 1138 daAuts
     D:2: 902 daAuts
  Temple: 279 daAuts
     D:7: 252 daAuts
